 Dungeon Crawl Stone Soup version 0.31-a0-806-g0bc164a743 (webtiles) character file.

Game seed: 10659878947036525276

21 javelincjr the Ruffian (level 3, 0/26 HPs)
             Began as a Human Shapeshifter on Sept 20, 2023.
             Was a Follower of Qazlal.
             Slain by a gnoll
             ... wielding a +0 club
              (5 damage)
             ... on level 2 of the Dungeon.
             The game lasted 00:02:52 (1001 turns).

javelincjr the Ruffian (Human Shapeshifter)         Turns: 1001, Time: 00:02:53

Health: 0/26       AC:  2    Str: 16    XL:     3   Next: 5%
Magic:  3/3        EV: 12    Int: 10    God:    Qazlal [*.....]
Gold:   56         SH:  1    Dex: 12    Spells: 2/2 levels left

rFire   . .          .
                       - Unarmed
rCold   . . .        (no shield)
rNeg    + . .        a - +0 animal skin
rPois   .            (helmet currently unavailable)
rElec   .            (cloak currently unavailable)
rCorr   .            (gloves currently unavailable)
SInv    .            (boots currently unavailable)
Will    .....        (no amulet)
Stlth   +            f - ring of positive energy
HPRegen 0.24/turn    (no ring)
MPRegen 0.08/turn

%: no passive effects
@: beast-form
A: beast (slay +1)
a: Begin Untransformation, Renounce Religion


You were on level 2 of the Dungeon.
You worshipped Qazlal.
Qazlal was aware of your devotion.
You were a hulking beast.
You visited 1 branch of the dungeon, and saw 2 of its levels.

You collected 56 gold pieces.

Inventory:

Missiles
 g - 14 stones (quivered)
 l - 4 boomerangs
Armour
 a - a +0 animal skin (worn)
 k - a +0 scale mail
Jewellery
 f - a ring of positive energy (left hand)
Talismans
 c - a beast talisman (active)
 d - a flux talisman
Scrolls
 e - a scroll of identify {unknown}
 h - a scroll of blinking {unknown}
Potions
 b - 2 potions of lignification
 i - 3 potions of curing {unknown}
 j - a potion of mutation {unknown}


   Skills:
 + Level 1.5 Fighting
 + Level 2.3 Dodging
 * Level 3.3 Unarmed Combat
 * Level 3.2 Shapeshifting


You had 2 spell levels left.
You didn't know any spells.
Your spell library contained the following spells:

 Spells                   Type           Power      Damage    Failure   Level
 Slow                     Hex            0%         N/A       36%         1
 Cigotuvi's Dreadful Rot  Necr/Pois/Air  0%         N/A       50%         2
 Confusing Touch          Hex            0%         N/A       75%         3
 Sigil of Binding         Hex            0%         N/A       75%         3
 Vampiric Draining        Necr           0%         2d6       75%         3
 Dispel Undead            Necr           0%         3d6       98%         4
 Vhi's Electric Charge    Tloc/Air       0%         N/A       98%         4
 Arcjolt                  Conj/Air       0%         1d10      100%        5
 Death Channel            Necr           0%         N/A       100%        6
 Plasma Beam              Fire/Air       0%         2x1d10    100%        6


Dungeon Overview and Level Annotations

Branches:
Dungeon (2/15)

Altars:
Qazlal


Message History

You open the door.
There is an open door here.
You see here a +0 dagger.
As you open the huge gate, it creaks loudly!
Found a faded altar of an unknown god.
A frilled lizard comes into view.
The frilled lizard hisses angrily.
You barely miss the frilled lizard. The frilled lizard barely misses you.
You punch the frilled lizard!
You kill the frilled lizard!
No target in view!
There is a huge open gate here.
There is a huge open gate here.
There is a huge open gate here.
There is a faded altar of an unknown god here.
This altar belongs to (a) Okawaru, (b) Qazlal or (c) Nemelex Xobeh, but you can't tell which.
Press the corresponding letter to learn more about a god, or press enter to convert or escape to cancel.
Qazlal accepts your prayer! Qazlal welcomes you!
Qazlal grants you and your divine allies immunity to clouds.
You are now surrounded by a storm.
There is a huge open gate here.
There is a huge open gate here.
A gnoll comes into view. It is wielding a +0 club.
Found a stone staircase leading down.
The gnoll shouts!
You hear a shout!
A gnoll comes into view. It is wielding a +0 whip.
A gnoll comes into view. It is wielding a +0 halberd.
The gnoll shouts!
You hit the gnoll.
The gnoll is moderately wounded.
The gnoll closely misses you. x2
You hit the gnoll.
The gnoll is moderately wounded.
The gnoll hits you with a +0 halberd! The gnoll hits you with a +0 club.
You hit the gnoll.
The gnoll is severely wounded.
The gnoll hits you with a +0 halberd.
* * * LOW HITPOINT WARNING * * *
The gnoll hits you with a +0 club.
You die...

#.##.####.
##.##.#....
#.......###
#.'''''....
##.'''''.###
#..''_''....
######..'''''.###
##.......'''''## #
#h............# #
.....ggg......###..##
# ......#########
##.# # #..... #.# #
..### #.# # > ♣.♣ #
#####♣♣.♣♣###
#......[.....
#.###♣♣.♣♣###


You could see 3 gnolls.

Vanquished Creatures
  A dart slug (D:1)
  2 endoplasms
  3 giant cockroaches (D:1)
  A goblin (D:1)
  2 hobgoblins (D:1)
  2 kobolds (D:1)
  3 bats
  3 frilled lizards
  A rat (D:1)
18 creatures vanquished.

Notes
Turn   | Place    | Note
-------+----------+-------------------------------------------
     0 | D:1      | javelincjr the Human Shapeshifter began the quest for the
                  | Orb.
     0 | D:1      | Reached XP level 1. HP: 15/15 MP: 1/1
   174 | D:1      | Reached XP level 2. HP: 21/21 MP: 2/2
   823 | D:2      | Reached XP level 3. HP: 22/26 MP: 3/3
   965 | D:2      | Found a faded altar of an unknown god.
   980 | D:2      | Prayed at the altar of an unknown god.
   980 | D:2      | Became a worshipper of Qazlal Stormbringer
   980 | D:2      | Reached * piety under Qazlal
  1001 | D:2      | Slain by a gnoll

Illustrated notes

Levels and vault maps discovered:
D:1:      elethiomel_arrival_shortcut, layout_loops_ring
D:2:      layout_basic, hellmonk_ecumenical_altar_heavens_door,
          minmay_tree_intersection, grunt_decor_mini_mirrors, uniq_robin,
          uniq_jessica

Action                     || total
---------------------------++-------
  Melee: Unarmed           ||    50
         Punch             ||     2
   Stab: Sleeping          ||     1
 Armour: Animal skin       ||    22
  Dodge: Dodged            ||    16

Table legend: (Time is in decaauts)
 A = Elapsed time spent in this place.
 B = Non-inter-level travel time spent in this place.
 C = Inter-level travel time spent in this place.
 D = Time resting spent in this place.
 E = Time spent auto-exploring this place.
 F = Levels seen in this place.
 G = Mean time per level.
                   A        B        C        D        E       F      G
               +--------+--------+--------+--------+--------+-----+--------+
         Total |    997 |    908 |     89 |      0 |    765 |   2 |  498.5 |
       Dungeon |    997 |    908 |     89 |      0 |    765 |   2 |  498.5 |
               +--------+--------+--------+--------+--------+-----+--------+

Top non-repeatable levels by time:
     D:1: 753 daAuts
     D:2: 244 daAuts
